 Dungeon Crawl Stone Soup version 0.31.0-11-ge490571c62 (webtiles) character file.

Game seed: 7308273459507580736

3688 Wooperglow the Cleaver (level 9, -4/78 HPs)
             Began as a Minotaur Fighter on Feb 7, 2024.
             Was a Believer of Cheibriados.
             Slain by a wolf (10 damage)
             ... on level 9 of the Dungeon.
             The game lasted 00:40:30 (3198 turns).

Wooperglow the Cleaver (Minotaur Fighter)           Turns: 3198, Time: 00:40:32

Health: -4/78      AC:  5    Str: 31    XL:     9   Next: 90%
Magic:  8/8        EV: 10    Int:  9    God:    Cheibriados [**....]
Gold:   224        SH:  6    Dex: 16    Spells: 3/8 levels left

rFire   + . .        p - +2 mace of the Battered Youths {spect, rCorr Str+4}
rCold   . . .        c - +0 buckler
rNeg    . . .        y - +0 chain mail
rPois   .            w - +1 hat
rElec   .            (no cloak)
rCorr   +            (no gloves)
SInv    .            v - +0 pair of boots
Will    .....        e - amulet of regeneration Stlth
                     G - ring of wizardry
HPRegen 1.13/turn    I - ring of protection from fire
MPRegen 0.11/turn

%: wizardry (x1)
@: corroded, very slow
A: horns 2, retaliatory headbutt
a: Renounce Religion, Bend Time


You were on level 9 of the Dungeon.
You worshipped Cheibriados.
Cheibriados was pleased with you.
You visited 1 branch of the dungeon, and saw 9 of its levels.

You collected 273 gold pieces.
You spent 49 gold pieces at shops.

Inventory:

Hand Weapons
 a - a +1 war axe of draining
 d - a +4 great sword
 h - a +0 morningstar of protection
 j - a +0 short sword
 k - a +0 hammer
 m - a +0 hammer of protection
 n - a +4 quarterstaff of chaos
 o - a +4 dagger of chaos
 p - the +2 mace of the Battered Youths (weapon) {spect, rCorr Str+4}
   (You found it on level 7 of the Dungeon)

   Str+4:     It affects your strength (+4).
   rCorr:     It protects you from acid and corrosion.
 r - a +5 spear
 A - a +0 trident
 B - a +0 war axe
 D - a +0 flail
Missiles
 f - a throwing net (quivered)
 x - 47 stones
 C - 13 poisoned darts
Armour
 c - a +0 buckler (worn)
 v - a +0 pair of boots (worn)
 w - a +1 hat (worn)
 y - a +0 chain mail (worn)
Jewellery
 e - an amulet of regeneration (around neck)
 G - a ring of wizardry (left hand)
 I - a ring of protection from fire (right hand)
Talismans
 t - a granite talisman
 J - a beast talisman
Wands
 q - a wand of mindburst (20)
 z - a wand of charming (14)
 F - a wand of light (3)
 K - a wand of iceblast (7)
Scrolls
 g - 2 scrolls of identify
 s - a scroll of noise
 H - 2 scrolls of torment
Potions
 b - a potion of invisibility {unknown}
 i - a potion of magic {unknown}
 l - a potion of curing {unknown}
 E - a potion of haste {unknown}


   Skills:
 + Level 6.9 Fighting
 + Level 9.1(10.0) Axes
 * Level 6.6(8.9) Maces & Flails
 + Level 8.5 Armour
 - Level 1.6 Dodging
 + Level 6.9 Shields
 + Level 3.4 Shapeshifting


You had 3 spell levels left.
You knew the following spells:

 Your Spells              Type           Power      Damage    Failure   Level
a - Freezing Cloud        Conj/Ice/Air   0%         6-21      100%        5

Your spell library contained the following spells:

 Spells                   Type           Power      Damage    Failure   Level
 Cigotuvi's Dreadful Rot  Necr/Alch/Air  0%         N/A       65%         2
 Ignite Poison            Fire/Alch      0%         N/A       99%         4


Dungeon Overview and Level Annotations

Branches:
Dungeon (9/15)
 Temple: D:4-7         Lair: D:8-11         Orc: D:9-12

Altars:
Cheibriados
Gozag
Kikubaaqudgha
Nemelex Xobeh
Yredelemnul

Shops:
D:4 =[[


Innate Abilities, Weirdness & Mutations

You have a pair of horns on your head.
You reflexively headbutt those who attack you in melee.


Message History

The troll closely misses the hound.
The troll claws the hound. x2
The hound barely misses you.
Your +2 mace of the Battered Youths {spect, rCorr Str+4} disappears.
You block the hound's attack.
You completely miss the hound. Your headbutt misses the hound.
The hound is severely wounded.
Your +2 mace of the Battered Youths {spect, rCorr Str+4} barely misses the hound.
The troll seems less confused.
The hound bites you.
* * * LOW HITPOINT WARNING * * *
A hound comes into view.
Aiming: Charm
Press: ? - help, Q - select action, (/) - cycle Shift-Dir - straight line, f - wolf
Aim: a wolf (chance to affect: 49%)
The wolf resists with some effort.
Your +2 mace of the Battered Youths {spect, rCorr Str+4} disappears.
You block the wolf's attack. The hound attacks as it pursues you!
The hound closely misses you. You block the wolf's attack.
The wolf attacks as it pursues you! The wolf barely misses you.
The hound attacks as it pursues you! The hound bites you but does no damage.
The wolf bites you but does no damage. The troll attacks as it pursues you!
The troll barely misses you. You furiously retaliate!
You headbutt the troll, but do no damage.
The troll closely misses you. The troll claws you but does no damage.
The hound bites you. You block the hound's attack. The wolf bites you.
* * * LOW HITPOINT WARNING * * *
You block the troll's attack. The troll claws you!
* * * LOW HITPOINT WARNING * * *
The troll claws you.
* * * LOW HITPOINT WARNING * * *
The hound pauses to sniff the ground.
The hound bites you.
* * * LOW HITPOINT WARNING * * *
You hit the hound but do no damage.
You headbutt the hound, but do no damage.
The hound is severely wounded.
Your +2 mace of the Battered Youths {spect, rCorr Str+4} hits the hound.
The hound barely misses you. You furiously retaliate!
You headbutt the hound. The wolf bites you!
You die...

............)))[........
####..........###.......
#.....~~.).# #.#.....
#......~...# #.#.....
#..........# #.#.....
##..........# #.'.....
#.#....~~~....# ###.<..#
#......(.~....#####.....
#.h@.~.............#
#.hhT~>.............
#................#..
#................#..
####[.................#
........................#
.~....#.#.##........[....
~.....#.#.##############.
≈~~.(...#.# #.


You could see a troll, a wolf, 2 hounds and a friendly +2 mace of the Battered
Youths {spect, rCorr Str+4}.

Vanquished Creatures
  Gastronok (D:8)
  A wretched star (D:8)
  Psyche (D:8)
  A troll (D:7)
  Grum (D:8)
  An acid dragon (D:9)
  A water moccasin (D:7)
  A black bear (D:6)
  An orc warrior (D:9)
  An ice beast (D:7)
  4 wolves (D:8)
  An ogre (D:7)
  A centaur (D:9)
  A phantom (D:5)
  2 kobold brigands (D:9)
  2 scorpions
  2 wights (D:8)
  3 killer bees (D:7)
  A howler monkey (D:4)
  4 bombardier beetles
  Crazy Yiuf (D:6)
  3 hounds
  An orc priest (D:4)
  2 sleepcaps (D:4)
  2 orc wizards
  2 adders
  3 dart slugs
  16 orcs
  7 ball pythons
  An endoplasm (D:4)
  3 giant cockroaches
  3 goblins (D:1)
  5 hobgoblins
  4 jackals (D:4)
  3 quokkas
  2 bats
  A frilled lizard (D:1)
  11 kobolds
101 creatures vanquished.

Vanquished Creatures (others)
  A wight (D:8)
1 creature vanquished.

Grand Total: 102 creatures vanquished

Notes
Turn   | Place    | Note
-------+----------+-------------------------------------------
     0 | D:1      | Wooperglow the Minotaur Fighter began the quest for the
                  | Orb.
     0 | D:1      | Reached XP level 1. HP: 19/19 MP: 0/0
   269 | D:1      | Reached XP level 2. HP: 27/27 MP: 1/1
   317 | D:1      | Found a faded altar of an unknown god.
   328 | D:1      | Prayed at the altar of an unknown god.
   328 | D:1      | Became a worshipper of Nemelex Xobeh the Trickster
   328 | D:1      | Reached * piety under Nemelex Xobeh
   521 | D:1      | Received a gift from Nemelex Xobeh
   843 | D:4      | Reached XP level 3. HP: 33/33 MP: 2/2
   856 | D:4      | Reached skill level 3 in Axes
   856 | D:4      | Reached XP level 4. HP: 40/40 MP: 3/3
   892 | D:4      | Reached skill level 4 in Axes
  1031 | D:4      | Reached XP level 5. HP: 46/47 MP: 4/4
  1123 | D:4      | Reached ** piety under Nemelex Xobeh
  1254 | D:4      | Found Cetaag's Armour Boutique.
  1256 | D:4      | Found Railis's Armour Boutique.
  1258 | D:4      | Found Gehe's Jewellery Boutique.
  1264 | D:4      | Bought a +0 chain mail for 49 gold pieces
  1295 | D:5      | Entered Level 5 of the Dungeon
  1311 | D:5      | Reached skill level 5 in Armour
  1367 | D:5      | Reached XP level 6. HP: 45/53 MP: 5/5
  1471 | D:5      | Learned a level 5 spell: Freezing Cloud
  1515 | D:5      | Reached skill level 5 in Axes
  1515 | D:5      | Reached skill level 1 in Dodging
  1696 | D:6      | Reached skill level 1 in Shapeshifting
  1709 | D:6      | Found a snail-covered altar of Cheibriados.
  1716 | D:6      | Reached skill level 6 in Axes
  1716 | D:6      | Reached XP level 7. HP: 60/60 MP: 6/6
  1720 | D:6      | Fell from the grace of Nemelex Xobeh
  1720 | D:6      | Became a worshipper of Cheibriados the Contemplative
  1948 | D:6      | Found a runed translucent door.
  1949 | D:6      | Noticed Crazy Yiuf
  1957 | D:6      | Killed Crazy Yiuf
  1991 | D:7      | Reached skill level 7 in Axes
  2019 | D:7      | Identified the +2 mace of the Battered Youths {spect, rCorr
                  | Str+4}
  2269 | D:7      | Reached XP level 8. HP: 58/67 MP: 7/7
  2313 | D:7      | Reached skill level 5 in Shields
  2318 | D:7      | Reached skill level 5 in Fighting
  2318 | D:7      | Reached skill level 1 in Maces & Flails
  2321 | D:7      | Found an ancient bone altar of Kikubaaqudgha.
  2376 | D:7      | Noticed a troll
  2381 | D:7      | Killed a troll
  2445 | D:8      | Noticed Grum
  2446 | D:8      | Reached skill level 8 in Axes
  2447 | D:8      | Reached * piety under Cheibriados
  2450 | D:8      | Noticed a wretched star
  2455 | D:8      | Killed a wretched star
  2527 | D:8      | Killed Grum
  2557 | D:8      | Noticed Psyche
  2594 | D:8      | Killed Psyche
  2595 | D:8      | Reached XP level 9. HP: 21/75 MP: 8/8
  2803 | D:8      | Noticed Gastronok
  2816 | D:8      | Killed Gastronok
  2868 | D:9      | Found a basalt altar of Yredelemnul.
  2888 | D:9      | Reached skill level 9 in Axes
  2891 | D:9      | Reached ** piety under Cheibriados
  3008 | D:9      | Found an opulent altar of Gozag.
  3177 | D:9      | Noticed a troll
  3198 | D:9      | Slain by a wolf

Illustrated notes

Levels and vault maps discovered:
D:1:      saegor_arrival_under_anarchy, layout_loops_corners,
          shapermc_ecumenical_altar_acropolis, serial_shops, shop,
          minmay_pentomino_u4
D:2:      layout_loops_ring, serial_shops, shop, minmay_shallow_snake_nest,
          uniq_sigmund
D:3:      layout_basic, serial_shops, nicolae_shop_statue_plus, minivault_14,
          chequers_serial_rivers_small_3, uniq_terence
D:4:      layout_basic, nicolae_ru_path_of_blood, grunt_decor_cap, minivault_27,
          nicolae_shop_distant_corner_stores
D:5:      layout_basic, minmay_misc_feat_cross, kennysheep_generic_room_2
D:6:      layout_loops_ring, slow_altar_1, uniq_edmund, uniq_crazy_yiuf_cottage
D:7:      layout_rooms, mainiacjoe_overflow_catwalk,
          minmay_temple_entry_overgrown, gammafunk_ghost_hive,
          dreamdust_gnoll_shepherd
D:8:      layout_loops_corners, fedhas_bush_and_centaur_altar,
          gammafunk_temple_overflow_statue, serial_undead, serial_undead_f,
          serial_undead_f, serial_undead_b, serial_undead_c, uniq_gastronok,
          uniq_grum, uniq_psyche
D:9:      layout_basic, overflow_temple_1_default,
          nemelex_xobeh_ov_fountains_minmay, mainiacjoe_overflow_paths,
          nicolae_overflow_hidden_temple, erik_lair_island, eino_tiny_chamber

Skill      XL: |  1  2  3  4  5  6  7  8  9 |
---------------+----------------------------+-----
Armour         | 4 5 7 8 |  8.5
Shields        | 4 6 |  6.9
Fighting       | 4 6 |  6.9
Axes           | 3 4 6 7 8 9 |  9.1
Dodging        | 1 |  1.6
Shapeshifting  | 1 2 3 |  3.4
Maces & Flails | 4 6 |  6.6

Action                     |  1- 3 |  4- 6 |  7- 9 || total
---------------------------+-------+-------+-------++-------
  Melee: War axe           |    71 |    80 |    28 ||   179
         Headbutt          |    16 |    16 |    29 ||    61
         Mace              |       |       |    91 ||    91
         Unarmed           |       |       |     1 ||     1
  Evoke: Wand              |       |       |     3 ||     3
    Use: Scroll            |       |    10 |       ||    10
         Potion            |       |       |     4 ||     4
   Stab: Distracted        |       |       |     1 ||     1
 Armour: Scale mail        |    36 |    36 |       ||    72
         Chain mail        |       |    18 |   177 ||   195
         Skin              |       |       |    26 ||    26
  Dodge: Dodged            |    36 |    15 |    99 ||   150
  Block: Buckler           |    17 |    12 |    45 ||    74
